AoeStats
← La piraña de aguas profundas

Arabia

510069397Analyzed
1v1 RM · 18d ago on Sep 29, 2026· 49m 18s· 2 players
Game mode
Random Map
Map size
Tiny (2 player)
Population
200
Speed
Normal
Resources
Standard
Victory
Conquest
Starting age
Dark Age
Ending age
Imperial Age
RankedLock teamsTeams togetherTeam positionsShared explorationLock speedFull tech treeHidden civsTurbo modeCheats
Victory
Defeat
1618
+14
vs
🇩🇪 Danes · Germany
1571
-14
La piraña de aguas profundas
6:43 Loom
9:19 Feudal Age
9:22 Man-at-Arms
11:34 Wheelbarrow
15:45 Scale Mail Armor
18:32 Fletching
22:35 Town Watch
25:33 Castle Age
24:12 Arson
24:42 Double-Bit Axe
24:52 Gold Mining
25:37 Forging
25:46 Crossbowman
27:01 Chain Mail Armor
26:48 Gambesons
27:14 Bodkin Arrow
27:46 Squires
27:41 Long Swordsman
29:24 Pikeman
33:05 Padded Archer Armor
40:44 Ballistics
45:12 Imperial Age
43:42 Bow Saw
45:37 Leather Archer Armor
46:27 Conscription
46:16 Bracer
48:25 Gold Shaft Mining
49:11 Arbalester
muh
6:08 Loom
8:51 Feudal Age
9:40 Double-Bit Axe
10:34 Horse Collar
11:46 Town Watch
15:34 Fletching
15:52 Padded Archer Armor
16:37 Fletching
22:08 Scale Barding Armor
22:13 Forging
25:35 Castle Age
26:10 Gold Mining
26:14 Elite Skirmisher
26:50 Bodkin Arrow
41:13 Bow Saw
41:40 Heavy Plow
45:49 Wheelbarrow
47:55 Imperial Age
48:33 Masonry
47:59 Onager
Connection lost

Rejoining the realm…

Still unreachable

The connection could not be restored.

Session expired

The server has moved on; the page needs a fresh start.